 Dungeon Crawl Stone Soup version 0.30-a0-4-ga7cffc901d (webtiles) character file.

Game seed: 9223421210025383921

13563 wingedge the Thaumaturge (level 11, 0/81 HPs)
             Began as a Mummy Conjurer on Aug 21, 2022.
             Was an Initiate of Gozag.
             Slain by an eight-headed hydra (8 damage)
             ... on level 1 of the Lair of Beasts on Aug 22, 2022.
             The game lasted 01:20:12 (15256 turns).

wingedge the Thaumaturge (Mummy Conjurer)          Turns: 15256, Time: 01:20:13

Health: 0/81       AC: 14    Str: 16    XL:     11   Next: 77%
Magic:  14/27      EV: 12    Int: 23    God:    Gozag
Gold:   1414       SH:  0    Dex: 16    Spells: 10/34 levels left

rFire   . . .      SeeInvis +    a - staff of conjuration
rCold   + . .      Faith    .    (no shield)
rNeg    + + +      Spirit   .    C - +2 leather armour {rF+}
rPois   ∞          Reflect  .    H - +0 mask of the Dragon {Will+ Slay+3 SInv}
rElec   .          Harm     .    G - +2 cloak {Will+}
rCorr   .          Rampage  .    r - +2 pair of gloves
Will    +++..                    l - +2 pair of boots
Stlth   ++........               s - amulet of magic regeneration
HPRegen 0.23/turn                v - +6 ring of strength
MPRegen 0.60/turn                d - +6 ring of dexterity

@: no status effects
A: cold resistance 1, negative energy resistance 3, torment resistance 2, heat
vulnerability 1, in touch with death 1, no potions
a: Renounce Religion, Potion Petition, Call Merchant, Bribe Branch


You were on level 1 of the Lair of Beasts.
You worshipped Gozag.
Gozag was most pleased with you.
You visited 3 branches of the dungeon, and saw 12 of its levels.
You also visited: Sewer.

You collected 2913 gold pieces.
You spent 1499 gold pieces at shops.

Inventory:

Hand Weapons
 b - a +7 halberd of flaming
 c - a +0 shortbow
 n - a +0 antimagic hand axe
 E - a +0 vorpal scimitar
Missiles
 F - 3 silver boomerangs
Armour
 i - the +1 robe of the Beggar {Harm rPois Dex+3}
   (You found it on level 2 of the Dungeon)

   Dex:       It affects your dexterity (+3).
   rPois:     It protects you from poison.
   Harm:      It increases damage dealt and taken.
 l - a +2 pair of boots (worn)
 o - a +0 kite shield
 r - a +2 pair of gloves (worn)
 C - a +2 leather armour of fire resistance (worn)
 D - +0 steam dragon scales
 G - a +2 cloak of willpower (worn)
 H - the +0 mask of the Dragon (worn) {Will+ Slay+3 SInv}
   (You bought it in a shop on level 10 of the Dungeon)

   Slay:      It affects your accuracy & damage with ranged weapons and melee
   (+3).
   SInv:      It lets you see invisible.
   Will:      It increases your willpower.
Magical Staves
 a - a staff of conjuration (weapon)
 z - a staff of cold
 A - a staff of earth
Jewellery
 d - a +6 ring of dexterity (right hand)
 e - a ring of ice
 s - an amulet of magic regeneration (around neck)
 t - an amulet of reflection
 v - a +6 ring of strength (left hand)
Wands
 m - a wand of polymorph (16)
 x - a wand of roots (2)
 y - a wand of digging (6)
 B - a wand of paralysis (11)
 I - a wand of mindburst (5)
 J - a wand of quicksilver (5)
Scrolls
 f - 4 scrolls of fear
 g - a scroll of silence
 h - 2 scrolls of poison
 j - 2 scrolls of teleportation
 k - 3 scrolls of amnesia
 p - 2 scrolls of magic mapping
 q - 3 scrolls of brand weapon
 u - a scroll of summoning
 w - 2 scrolls of vulnerability


   Skills:
 - Level 6.0 Fighting
 + Level 2.1 Polearms
 + Level 2.3 Armour
 - Level 2.0 Dodging
 - Level 2.0 Stealth
 - Level 7.0 Shields
 - Level 12.0 Spellcasting
 - Level 6.0 Conjurations
 - Level 6.0 Hexes
 - Level 2.0 Translocations
 - Level 6.0 Fire Magic
 - Level 1.0 Evocations


You had 10 spell levels left.
You knew the following spells:

 Your Spells              Type           Power      Damage    Failure   Level
a - Magic Dart            Conj           100%       1d8       1%          1
b - Searing Ray           Conj           100%       2d8       1%          2
c - Ensorcelled Hibernat  Hex/Ice        54%        N/A       2%          2
d - Fulminant Prism       Conj/Hex       29%        3d14      4%          4
e - Iskenderun's Mystic   Conj/Tloc      48%        2d11      11%         4
f - Scorch                Fire           82%        2d9       1%          2
g - Flame Wave            Conj/Fire      58%        2d14      4%          4
h - Fireball              Conj/Fire      29%        3d13      13%         5

Your spell library contained the following spells:

 Spells                   Type           Power      Damage    Failure   Level
 Dazzling Flash           Conj/Hex       100%       N/A       1%          3
 Passwall                 Tmut/Erth      10%        N/A       9%          2
 Swiftness                Air            13%        N/A       16%         3
 Starburst                Conj/Fire      29%        6d9       56%         6
 Summon Cactus Giant      Summ           6%         N/A       100%        6
 Ignition                 Fire           20%        3d7       100%        8


Dungeon Overview and Level Annotations

Branches:
Dungeon (10/15)            Temple (1/1) D:5            Lair (1/5) D:9
    Orc (0/2) D:10          Sewer (visited)

Altars:
Ashenzari
Cheibriados
Dithmenos
Fedhas
Gozag
Hepliaklqana
Kikubaaqudgha
Makhleb
Nemelex Xobeh
Okawaru
Qazlal
Ru
Sif Muna
Trog
Uskayaw
Vehumet
Wu Jian
Xom
Yredelemnul

Shops:
D:1 [   D:6 (   D:10 *[[*!

Annotations:
D:3 2 transporters


Innate Abilities, Weirdness & Mutations

You are immune to poison.
Your flesh is cold resistant. (rC+)
You are immune to negative energy. (rN+++)
You are immune to unholy pain and torment.
You are vulnerable to heat. (rF-)
You are in touch with the powers of death.
You do not drink.


Message History

You hear a loud, deep croak!
Unknown command.
Casting: Fulminant Prism (dangerous; 4% risk of failure)
Confirm with . or Enter, or press ? or * to list all spells.
Aiming: Ensorcelled Hibernation (safe; 2% risk of failure)
Press: ? - help, Shift-Dir - straight line, f - eight-headed hydra
Aim: an eight-headed hydra (severely wounded, chance to affect: 24%)
Okay, then.
Unknown command.
Casting: Ensorcelled Hibernation (safe; 2% risk of failure)
Confirm with . or Enter, or press ? or * to list all spells.
Casting: Flame Wave (dangerous; 4% risk of failure)
Press: ? - help, Dir - look around, f - activate You feel a surge of power!
A wave of flame ripples out!
The flame wave engulfs the eight-headed hydra!
The eight-headed hydra is severely wounded. (Press . to intensify the flame waves.)
The eight-headed hydra bites you.
The eight-headed hydra bites you but does no damage.
The eight-headed hydra closely misses you.
The eight-headed hydra bites you but does no damage.
The eight-headed hydra misses you.
The eight-headed hydra barely misses you.
The eight-headed hydra misses you. The eight-headed hydra bites you!
A wave of flame ripples out!
The flame wave engulfs the eight-headed hydra!
The eight-headed hydra is almost dead.
The flame wave engulfs the plant!
The plant begins to die.
The plant is lightly damaged.
The eight-headed hydra completely misses you.
The eight-headed hydra bites you but does no damage.
The eight-headed hydra barely misses you.
The eight-headed hydra bites you but does no damage.
The eight-headed hydra bites you! x2
* * * LOW HITPOINT WARNING * * *
The eight-headed hydra bites you!
* * * LOW HITPOINT WARNING * * *
The eight-headed hydra bites you!
You die...
Your body crumbles into a pile of gold.

#.......# #......P#
##......# #......#
#......###......#
#......##.......#
##......###......##
#.......###.......# .#
##......#P#......##.$#
#......!............#
#.........@D.........#
#.......##..........##
#......###..##..##..#
#......# #...#..# ...
#......# #..##..# ..
#......# #..#P..# .
.......# #..#$... #..#
...# ~~P


You could see an eight-headed hydra.

Vanquished Creatures
  A two-headed ogre (D:9)
  3 death yaks (D:9)
  Pikel (D:8)
  A black mamba (D:9)
  A manticore (D:8)
  An unseen horror (D:10)
  Maggie (D:7)
  A troll (D:9)
  A hornet (shapeshifter) (D:9)
  Prince Ribbit (D:7)
  3 hornets
  A vampire (D:10)
  25 yaks
  4 wyverns
  A steam dragon (D:9)
  8 orc warriors
  2 sky beasts
  2 ogres (D:6)
  2 centaurs
  A lemure (D:8)
  3 phantoms
  4 kobold brigands
  A gnoll sergeant (D:7)
  2 bullfrogs
  3 scorpions
  3 necrophages
  12 wights
  3 killer bees (D:10)
  3 hounds
  3 jellies
  2 orc priests
  2 iguanas
  9 orc wizards
  A hell rat (D:9)
  4 gnolls (D:7)
  12 adders
  4 river rats
  2 shadow imps (D:6)
  2 ufetubi
  3 worms
  2 dart slugs
  35 orcs
  2 bats
  6 endoplasms
  4 giant cockroaches
  5 goblins
  9 hobgoblins
  3 jackals (D:1)
  4 quokkas
  14 ball pythons
  12 frilled lizards
  24 kobolds
  14 rats
  A fulminant prism (D:7)
274 creatures vanquished.

Vanquished Creatures (others)
  81 fulminant prisms
81 creatures vanquished.

Grand Total: 355 creatures vanquished

Notes
Turn   | Place    | Note
-------+----------+-------------------------------------------
     0 | D:1      | wingedge the Mummy Conjurer began the quest for the Orb.
     0 | D:1      | Reached XP level 1. HP: 13/13 MP: 4/4
   105 | D:1      | Reached skill level 3 in Spellcasting
   272 | D:1      | Reached XP level 2. HP: 13/19 MP: 0/6
   397 | D:1      | Found a faded altar of an unknown god.
   404 | D:1      | Prayed at the altar of an unknown god.
   404 | D:1      | Became a worshipper of Gozag Ym Sagoz the Greedy
   784 | D:1      | Learned a level 2 spell: Searing Ray
   831 | D:1      | Found Nacuod's Armour Shoppe.
   854 | D:1      | Bought a +0 pair of gloves for 58 gold pieces
  1060 | D:1      | Reached skill level 4 in Spellcasting
  1652 | D:2      | Reached skill level 1 in Fighting
  1860 | D:2      | Gained mutation: You are in touch with the powers of death.
                  | [Mummy growth]
  1860 | D:2      | Reached XP level 3. HP: 26/26 MP: 1/8
  1938 | D:2      | Identified the +1 robe of the Beggar {Harm rPois Dex+3}
  2511 | D:2      | Reached skill level 5 in Spellcasting
  2819 | D:3      | Learned a level 2 spell: Ensorcelled Hibernation
  2960 | D:3      | Found an iron altar of Okawaru.
  3139 | D:1      | Bought a +1 cloak for 149 gold pieces
  3139 | D:1      | Bought a +0 kite shield for 58 gold pieces
  3291 | D:3      | Reached XP level 4. HP: 32/32 MP: 3/11
  3359 | D:3      | Learned a level 4 spell: Fulminant Prism
  3364 | D:3      | Learned a level 4 spell: Iskenderun's Mystic Blast
  3505 | D:3      | Found an ancient bone altar of Kikubaaqudgha.
  3509 | D:3      | Found a transporter.
  3679 | D:3      | Found a transporter.
  4213 | D:4      | Reached skill level 6 in Spellcasting
  4303 | D:4      | Reached skill level 1 in Hexes
  4303 | D:4      | Reached XP level 5. HP: 37/37 MP: 10/13
  4373 | D:4      | Noticed a phantom
  4997 | D:4      | Killed a phantom
  5210 | D:5      | Entered Level 5 of the Dungeon
  5259 | D:5      | Noticed a phantom
  5271 | D:5      | Killed a phantom
  5272 | D:5      | Reached XP level 6. HP: 34/43 MP: 0/15
  5291 | D:5      | Reached skill level 7 in Spellcasting
  5876 | D:5      | Found a staircase to the Ecumenical Temple.
  6022 | Temple   | Entered the Ecumenical Temple
  6022 | Temple   | Found a transporter.
  6022 | Temple   | Found a transporter.
  6024 | Temple   | Found a transporter.
  6024 | Temple   | Found a transporter.
  6197 | D:5      | Reached XP level 7. HP: 50/50 MP: 12/17
  6210 | D:5      | Reached skill level 1 in Evocations
  6695 | D:5      | Learned a level 2 spell: Scorch
  6723 | D:5      | Identified the +7 short sword "Veaxu" {holy, Stlth+}
  7016 | D:6      | Found Aptusuos's Weapon Boutique.
  7027 | D:6      | Reached skill level 1 in Fire Magic
  7036 | D:6      | Reached skill level 8 in Spellcasting
  7239 | D:6      | Reached skill level 1 in Translocations
  7257 | D:6      | Found a glowing drain.
  7266 | Sewer    | Entered a sewer
  7681 | Sewer    | Reached XP level 8. HP: 58/58 MP: 15/20
  8293 | D:6      | Reached skill level 1 in Shields
  9038 | D:7      | Noticed Prince Ribbit
  9042 | D:6      | Reached skill level 5 in Hexes
  9430 | D:7      | Reached XP level 9. HP: 63/63 MP: 16/21
  9444 | D:7      | Reached skill level 9 in Spellcasting
  9570 | D:7      | Learned a level 4 spell: Flame Wave
  9576 | D:7      | Learned a level 5 spell: Fireball
  9587 | D:7      | Found a runed translucent door.
  9641 | D:7      | Reached skill level 10 in Spellcasting
  9840 | D:7      | Reached skill level 5 in Conjurations
  9845 | D:7      | Killed Prince Ribbit
 10115 | D:7      | Noticed Maggie
 10126 | D:7      | Killed Maggie
 10127 | D:7      | Reached skill level 1 in Armour
 10587 | D:7      | Reached skill level 5 in Fighting
 10588 | D:7      | Reached XP level 10. HP: 74/74 MP: 17/24
 11171 | D:8      | Noticed Pikel
 11181 | D:8      | Reached skill level 11 in Spellcasting
 11181 | D:8      | Killed Pikel
 11182 | D:8      | Reached skill level 5 in Shields
 11369 | D:8      | Found an opulent altar of Gozag.
 11393 | D:8      | Found a sacrificial altar of Ru.
 11564 | D:8      | Noticed a manticore
 11571 | D:8      | Killed a manticore
 11996 | D:8      | Identified the +10 whip of Refarchor {holy, +Blink rPois}
 12841 | D:9      | Found a staircase to the Lair.
 12843 | D:9      | Noticed a death yak
 12843 | D:9      | Noticed a death yak
 12845 | D:9      | Noticed a two-headed ogre
 12848 | D:9      | Noticed a death yak
 12850 | D:9      | Killed a death yak
 12851 | D:9      | Reached skill level 12 in Spellcasting
 12851 | D:9      | Reached XP level 11. HP: 54/79 MP: 6/27
 12851 | D:9      | Killed a death yak
 12852 | D:9      | Killed a death yak
 12853 | D:9      | Reached skill level 5 in Fire Magic
 12853 | D:9      | Killed a two-headed ogre
 13169 | D:9      | Identified a scroll of acquirement
 13170 | D:9      | Acquired an amulet of magic regeneration
 13971 | D:10     | Entered Level 10 of the Dungeon
 14167 | D:10     | Found Daust's Armour Boutique.
 14174 | D:10     | Bought a +2 leather armour of fire resistance for 247 gold
                  | pieces
 14174 | D:10     | Bought a +2 cloak of willpower for 279 gold pieces
 14204 | D:10     | Found Gitrar's Assorted Antiques.
 14227 | D:10     | Found Sarenedghal's Armour Emporium.
 14235 | D:10     | Bought the +0 mask of the Dragon {Will+ Slay+3 SInv} for
                  | 367 gold pieces
 14235 | D:10     | Found the +0 mask of the Dragon {Will+ Slay+3 SInv}
 14272 | D:10     | Reached skill level 1 in Polearms
 14346 | D:10     | Found a staircase to the Orcish Mines.
 14448 | D:10     | Found a radiant altar of Vehumet.
 14759 | D:10     | Found Sich's Distillery.
 14791 | D:10     | Found Borud's Assorted Antiques.
 14797 | D:10     | Bought a scroll of amnesia for 124 gold pieces
 14797 | D:10     | Bought a wand of mindburst (5) for 217 gold pieces
 15192 | Lair:1   | Entered Level 1 of the Lair of Beasts
 15247 | Lair:1   | Noticed an eight-headed hydra
 15256 | Lair:1   | Slain by an eight-headed hydra

Illustrated notes

Levels and vault maps discovered:
D:1:      tarquinn_simple_flora_water_e, layout_basic,
          dreamdust_ecumenical_altar_angels_and_demons, serial_shops,
          nicolae_shop_advertising_works [nicolae_subvault_shop_adworks]
D:2:      layout_basic
D:3:      layout_basic, gammafunk_temple_overflow_arena,
          mainiacjoe_overflow_24_doors
D:4:      layout_basic
D:5:      layout_loops_ring, minmay_temple_entry_poolview,
          kennysheep_generic_room_9
D:6:      layout_gridville, lightli_sewer_entry_pipes, serial_shops,
          nicolae_inconvenience_store, chequers_serial_rivers_small_3
D:7:      layout_rooms, hex_tiny, lightli_church_of_beogh, uniq_maggie,
          uniq_prince_ribbit1
D:8:      layout_basic, nicolae_ru_the_path_less_chosen,
          mainiacjoe_overflow_cross_hatched, uniq_pikel
D:9:      wander_river, layout_loops_ring, dpeg_lair_monsters
D:10:     layout_long_grid, fiery_altar_vehumet, david_orc_2, serial_shops,
          shop, nicolae_take_the_stairs, nicolae_shop_behind_doors, shop, shop
Temple:   hellmonk_temple_divided_pantheon
Lair:1:   layout_long_grid, grunt_megastairs_1, serial_bayou_shore_a

Skill      XL: |  1  2  3  4  5  6  7  8  9 10 11 |
---------------+----------------------------------+-----
Spellcasting   | 3 4 5 6 7 8 10 12 | 12.0
Fighting       | 1 2 3 5 6 |  6.0
Hexes          | 1 3 4 5 6 |  6.0
Evocations     | 1 |  1.0
Fire Magic     | 2 4 6 |  6.0
Translocations | 1 2 |  2.0
Conjurations   | 4 5 6 |  6.0
Dodging        | 2 |  2.0
Stealth        | 2 |  2.0
Shields        | 4 7 |  7.0
Armour         | 1 2 |  2.3
Polearms       | 2 |  2.1

Action                   |  1- 3 |  4- 6 |  7- 9 | 10-12 || total
-------------------------+-------+-------+-------+-------++-------
Melee: Long sword        |     5 |     8 |     1 |       ||    14
       Dagger            |       |     1 |     2 |       ||     3
       Punch             |       |     1 |       |     1 ||     2
       Hand axe          |       |       |    13 |       ||    13
       Staff             |       |       |     3 |    10 ||    13
       Halberd           |       |       |       |    32 ||    32
 Fire: Shortbow          |       |       |       |     8 ||     8
 Cast: Magic Dart        |    67 |    30 |    16 |    67 ||   180
       Searing Ray       |    13 |    19 |    47 |    19 ||    98
       Fulminant Prism   |       |     5 |    32 |    45 ||    82
       Ensorcelled Hiber |       |       |     4 |       ||     4
       Scorch            |       |       |     2 |     1 ||     3
       Fireball          |       |       |       |    22 ||    22
       Flame Wave        |       |       |       |     5 ||     5
Evoke: Wand              |       |       |     5 |    13 ||    18
  Use: Scroll            |       |     3 |     9 |     6 ||    18
 Stab: Sleeping          |       |     1 |       |       ||     1
Armor: Robe              |     3 |    10 |    30 |    12 ||    55
       Leather armour    |       |       |       |    11 ||    11
Dodge: Dodged            |     6 |    16 |    46 |    47 ||   115
Block: Other             |       |       |    15 |     6 ||    21
       Kite shield       |       |       |       |    10 ||    10

Table legend: (Time is in decaauts)
 A = Elapsed time spent in this place.
 B = Non-inter-level travel time spent in this place.
 C = Inter-level travel time spent in this place.
 D = Time resting spent in this place.
 E = Time spent auto-exploring this place.
 F = Levels seen in this place.
 G = Mean time per level.
                   A        B        C        D        E       F      G
               +--------+--------+--------+--------+--------+-----+--------+
         Total |  15416 |  14642 |    774 |   5276 |   5462 |  13 | 1185.8 |
       Dungeon |  14644 |  13870 |    774 |   4980 |   5256 |  10 | 1464.4 |
        Temple |     36 |     36 |      0 |      0 |      8 |   1 |   36.0 |
          Lair |     63 |     63 |      0 |      7 |     37 |   1 |   63.0 |
         Sewer |    672 |    672 |      0 |    289 |    160 |   1 |  672.0 |
               +--------+--------+--------+--------+--------+-----+--------+

Top non-repeatable levels by time:
     D:6: 1972 daAuts
     D:5: 1773 daAuts
     D:9: 1759 daAuts
     D:7: 1579 daAuts
     D:2: 1445 daAuts
     D:1: 1394 daAuts
     D:3: 1214 daAuts
    D:10: 1197 daAuts
     D:4: 1159 daAuts
     D:8: 1148 daAuts
   Sewer: 672 daAuts
  Lair:1: 63 daAuts
  Temple: 36 daAuts
